 Dungeon Crawl Stone Soup version 0.28-a0-750-g7c675f85b1 (webtiles) character file.

Game seed: 8986282876566945145

7942 karkarkar the Severer (level 11, -6/95 HPs)
             Began as a Minotaur Fighter on Oct 29, 2021.
             Was a High Priest of Okawaru.
             Mangled by a wyvern (14 damage)
             ... on level 8 of the Dungeon.
             The game lasted 00:26:58 (9681 turns).

karkarkar the Severer (Minotaur Fighter)            Turns: 9681, Time: 00:26:58

Health: -6/95      AC: 14    Str: 23    XL:     11   Next: 3%
Magic:  8/14       EV: 10    Int:  6    God:    Okawaru [*****.]
Gold:   351        SH:  6    Dex: 10    Spells: 10/10 levels left

rFire   + . .      SeeInvis .   a - +3 war axe
rCold   x . .      Faith    .   c - +0 buckler
rNeg    . . .      Spirit   .   D - +0 chain mail
rPois   .          Reflect  .   A - +2 hat
rElec   .          Harm     .   (no cloak)
rCorr   +          Rampage  .   (no gloves)
Will    .....                   e - +0 pair of boots
Stlth   +.........              G - amulet of regeneration
HPRegen 1.25/turn               i - ring of resist corrosion
MPRegen 0.14/turn               g - ring "Duosk" {Fire Slay+2 Stlth+}

@: heroic
A: horns 2, retaliatory headbutt
a: Renounce Religion, Heroism, Finesse, Duel


You were on level 8 of the Dungeon.
You worshipped Okawaru.
Okawaru was extremely pleased with you.
You visited 1 branch of the dungeon, and saw 8 of its levels.

You collected 431 gold pieces.
You spent 80 gold pieces at shops.

Inventory:

Hand Weapons
 a - a +3 war axe (weapon)
 b - a +0 flail of holy wrath
 o - a +2 vorpal spear
Missiles
 s - 5 boomerangs
 y - a throwing net
 z - 34 poisoned darts
Armour
 c - a +0 buckler (worn)
 e - a +0 pair of boots (worn)
 A - a +2 hat (worn)
 D - a +0 chain mail (worn)
Jewellery
 g - the ring "Duosk" (right hand) {Fire Slay+2 Stlth+}
   (You acquired it on level 3 of the Dungeon)

   [ring of fire]

   It enhances your fire magic.
   Slay:      It affects your accuracy & damage with ranged weapons and melee
   (+2).
   rF:        It protects you from fire.
   rC:        It makes you vulnerable to cold.
   Stlth:     It makes you more stealthy.
 i - a ring of resist corrosion (left hand)
 w - an amulet of guardian spirit
 G - an amulet of regeneration (around neck)
Wands
 d - a wand of flame (25)
 l - a wand of digging (6)
 v - a wand of mindburst (11)
Scrolls
 f - a scroll of fear
 m - 5 scrolls of teleportation
 p - a scroll of enchant weapon
 t - a scroll of blinking
 x - a scroll of enchant armour
 B - a scroll of noise
 C - a scroll of immolation {unknown}
 E - 3 scrolls of brand weapon {unknown}
 F - a scroll of identify
Potions
 h - a potion of mutation {unknown}
 j - 3 potions of flight
 k - a potion of attraction {unknown}
 n - 3 potions of lignification
 q - 3 potions of curing
 r - 2 potions of heal wounds {unknown}


   Skills:
 + Level 8.7(13.7) Fighting
 - Level 15.7(21.0) Axes
 - Level 2.4(15.5) Maces & Flails
 - Level 3.2(15.8) Polearms
 * Level 2.5(7.5) Throwing
 + Level 4.3(9.3) Armour
 - Level 3.1(8.1) Dodging
 - Level 0.7(5.7) Stealth
 - Level 4.0(9.0) Shields
 * Level 5.4 Invocations


You had 10 spell levels left.
You didn't know any spells.
Your spell library contained the following spells:

 Spells                   Type           Power      Damage    Failure   Level
 Apportation              Tloc           0%         N/A       96%         1
 Fulminant Prism          Conj/Hex       0%         3d6       100%        4
 Fireball                 Conj/Fire      0%         3d3       100%        5
 Iskenderun's Battlesphe  Conj           0%         2d6       100%        5
 Animate Skeleton         Necr           Unusable   N/A       N/A         1
 Summon Small Mammal      Summ           Unusable   N/A       N/A         1

Dungeon Overview and Level Annotations

Branches:
Dungeon (8/15)             Temple (0/1) D:7
   Lair: D:8-11

Altars:
Fedhas
Kikubaaqudgha
Okawaru
Trog
Uskayaw
Wu Jian
Yredelemnul
Zin

Shops:
D:1 *[


Innate Abilities, Weirdness & Mutations

You have a pair of horns on your head.
You reflexively headbutt those who attack you in melee.


Message History

The yak is heavily wounded.
You hit the yak.
The yak is heavily wounded.
You block the yak's attack.
You slash the yak!
The yak is almost dead.
You barely miss the yak.
The yak is almost dead.
You barely miss the yak. You headbutt the yak.
You kill the yak!
Okawaru accepts your kill.
You gain the combat prowess of a mighty hero.
You block the wyvern's attack.
You closely miss the wyvern.
Your hands slow down.
You hit the wyvern.
The wyvern is lightly wounded.
The wyvern bites you but does no damage.
You closely miss the wyvern. Your headbutt misses the wyvern.
The wyvern is lightly wounded.
The wyvern bites you.
You closely miss the wyvern.
The wyvern is lightly wounded.
The wyvern bites you but does no damage.
You completely miss the wyvern.
The wyvern is lightly wounded.
The wyvern bites you!
* * * LOW HITPOINT WARNING * * *
You hit the wyvern. Your headbutt misses the wyvern.
The wyvern is moderately wounded.
The wyvern bites you.
* * * LOW HITPOINT WARNING * * *
You slash the wyvern!
The wyvern is almost dead.
The wyvern bites you!
* * * LOW HITPOINT WARNING * * *
You barely miss the wyvern.
The wyvern is almost dead.
The wyvern bites you!
You die...

#†# # #.#
### # #.#
##.###
#.#
##.<.##
#.#
##.....#
#.#
#.<....)
#.#
##.♣P..#
#####.#
#≈≈≈≈≈#
#.@l..#
##♣≈≈P#
#(#####
#PP###
#.# ##.#
#.# #.#
#.# #.#
#.# #.#
#.#####
#.### #.#
#.(...#
####....
#.#
#####.#
#.......
# #.# #.#
##.###...


You could see a wyvern.

Vanquished Creatures
  2 hellwings (D:7)
  12 yaks (D:8)
  A shadow (D:6)
  A wyvern (D:8)
  A basilisk (D:8)
  Eustachio (D:4)
  Edmund (D:4)
  5 water moccasins
  3 ogres
  3 sky beasts
  3 black bears
  2 hornet zombies
  2 necrophages (D:6)
  2 phantoms
  A kobold brigand (D:8)
  A bullfrog (D:7)
  A scorpion (D:6)
  A water moccasin skeleton (D:4)
  3 water moccasin zombies
  2 wyvern skeletons (D:6)
  13 wights
  6 electric eels (D:5)
  2 howler monkeys
  A bullfrog zombie (D:6)
  3 centaur zombies
  3 jellies
  4 centaur skeletons
  A human zombie (D:6)
  2 orc priests
  3 hounds
  An iguana (D:6)
  8 orc wizards
  A killer bee zombie (D:8)
  3 mummies (D:6)
  A howler monkey zombie (D:7)
  4 adders
  5 shadow imps
  2 white imps (D:7)
  An adder skeleton (D:4)
  A worm (D:2)
  4 dart slugs
  27 orcs
  3 ball pythons (D:2)
  12 endoplasms
  6 giant cockroaches
  4 goblins
  6 hobgoblins
  3 jackals (D:1)
  7 kobolds
  2 quokkas
  3 bats
  3 frilled lizards
  5 rats
198 creatures vanquished.

Vanquished Creatures (others)
  14 plants
  11 withered plants (D:7)
25 creatures vanquished.

Grand Total: 223 creatures vanquished

Notes
Turn   | Place    | Note
-------+----------+-------------------------------------------
     0 | D:1      | karkarkar the Minotaur Fighter began the quest for the Orb.
     0 | D:1      | Reached XP level 1. HP: 19/19 MP: 0/0
    72 | D:1      | Found Hosh's Assorted Antiques.
   220 | D:1      | Reached XP level 2. HP: 27/27 MP: 1/1
   474 | D:1      | Found Doixuin's Antique Armour Emporium.
   973 | D:2      | Reached skill level 3 in Axes
  1040 | D:2      | Reached XP level 3. HP: 29/33 MP: 2/2
  1209 | D:2      | Reached skill level 1 in Dodging
  1411 | D:2      | Got the Reference Book on Battle Magic
  1760 | D:2      | Reached XP level 4. HP: 35/40 MP: 3/3
  2183 | D:3      | Reached skill level 4 in Axes
  2297 | D:2      | Reached XP level 5. HP: 43/46 MP: 4/4
  2423 | D:3      | Reached skill level 1 in Polearms
  2519 | D:3      | Reached skill level 5 in Axes
  2554 | D:3      | Found a glowing silver altar of Zin.
  2738 | D:3      | Found a faded altar of an unknown god.
  2784 | D:3      | Found a bloodstained altar of Trog.
  2884 | D:3      | Identified a scroll of acquirement
  2885 | D:3      | Acquired the ring "Duosk" {Fire Slay+2 Stlth+}
  2973 | D:4      | Noticed Eustachio
  2984 | D:4      | Noticed Edmund
  3042 | D:4      | Reached XP level 6. HP: 51/53 MP: 5/5
  3097 | D:4      | Killed Eustachio
  3099 | D:4      | Reached skill level 5 in Fighting
  3099 | D:4      | Reached skill level 6 in Axes
  3327 | D:4      | Reached XP level 7. HP: 34/61 MP: 6/6
  3518 | D:4      | Found an iron altar of Okawaru.
  3552 | D:4      | Killed Edmund
  3670 | D:4      | Found a hide-covered altar of Uskayaw.
  3671 | D:4      | Found an ancient bone altar of Kikubaaqudgha.
  3703 | D:4      | Became a worshipper of Warmaster Okawaru
  3811 | D:4      | Reached skill level 7 in Axes
  3963 | D:4      | Found a blossoming altar of Fedhas.
  4060 | D:5      | Entered Level 5 of the Dungeon
  4068 | D:5      | Reached skill level 1 in Invocations
  4447 | D:5      | Reached skill level 8 in Axes
  4458 | D:5      | Reached * piety under Okawaru
  4459 | D:5      | Reached XP level 8. HP: 54/70 MP: 6/8
  5054 | D:5      | Reached skill level 9 in Axes
  5293 | D:5      | Found an ornate altar of the Wu Jian Council.
  5585 | D:6      | Reached skill level 10 in Axes
  5585 | D:6      | Reached skill level 1 in Throwing
  5796 | D:6      | Reached ** piety under Okawaru
  5884 | D:6      | Reached skill level 11 in Axes
  5884 | D:6      | Reached XP level 9. HP: 64/77 MP: 7/10
  6449 | D:6      | Reached skill level 12 in Axes
  6458 | D:6      | Reached *** piety under Okawaru
  6603 | D:6      | Found a basalt altar of Yredelemnul.
  6849 | D:6      | Reached skill level 13 in Axes
  6849 | D:6      | Reached skill level 1 in Maces & Flails
  7813 | D:7      | Found a staircase to the Ecumenical Temple.
  8046 | D:1      | Bought a scroll of identify for 40 gold pieces
  8046 | D:1      | Bought a scroll of identify for 40 gold pieces
  8357 | D:7      | Noticed a hellwing
  8358 | D:7      | Noticed a hellwing
  8605 | D:7      | Reached **** piety under Okawaru
  8606 | D:7      | Reached XP level 10. HP: 86/86 MP: 10/12
  8815 | D:7      | Reached skill level 14 in Axes
  9239 | D:8      | Reached skill level 15 in Axes
  9428 | D:8      | Reached ***** piety under Okawaru
  9440 | D:8      | Reached skill level 5 in Invocations
  9652 | D:8      | Reached XP level 11. HP: 27/95 MP: 7/14
  9681 | D:8      | Mangled by a wyvern

Illustrated notes

Levels and vault maps discovered:
D:1:      lemuel_arrival_tunnels, layout_basic, serial_shops, shop,
          nicolae_shop_overgrown_old_shop
D:2:      layout_basic, st_stairs_10
D:3:      layout_rooms, trog_three_pillars_becter,
          mainiacjoe_overflow_cross_hatched,
          hellmonk_ecumenical_altar_inner_sanctum
D:4:      layout_rooms, mainiacjoe_overflow_surrounded_room,
          mainiacjoe_overflow_alcove_2, gammafunk_temple_overflow_statue,
          minivault_14, kennysheep_generic_room_10, uniq_edmund, uniq_eustachio
D:5:      cheibrodos_two_vegetables, layout_loops_corners,
          nzn_wu_jian_contemplation
D:6:      minmay_inner_zag, layout_loops_cross,
          lemuel_mausoleum_altar_yredelemnul, uniq_menkaure
D:7:      cheibrodos_grave_circle, layout_basic, minmay_temple_entry_glass
D:8:      layout_loops_ring, minmay_lair_entry_grove, serial_bayou_pond_d,
          uniq_psyche

Skill      XL: |  1  2  3  4  5  6  7  8  9 10 |
---------------+-------------------------------+-----
Armour         | 4 |  4.3
Fighting       | 4 5 6 7 8 |  8.7
Axes           | 3 4 5 6 8 11 13 15 | 15.7
Dodging        | 1 2 3 |  3.1
Shields        | 4 |  4.0
Polearms       | 2 3 |  3.2
Invocations    | 1 2 4 5 |  5.4
Throwing       | 1 2 |  2.5
Maces & Flails | 2 |  2.4
Stealth        | |  0.7

Action                   |  1- 3 |  4- 6 |  7- 9 | 10-12 || total
-------------------------+-------+-------+-------+-------++-------
Melee: War axe           |    49 |    37 |   221 |   115 ||   422
       Headbutt          |    10 |    17 |    52 |    25 ||   104
       Long sword        |    24 |     8 |       |       ||    32
       Spear             |       |    55 |       |       ||    55
       Flail             |       |       |    24 |    12 ||    36
Throw: Boomerang         |       |       |     4 |       ||     4
       Javelin           |       |       |    11 |       ||    11
Invok: Heroism           |       |       |       |     8 ||     8
       Finesse           |       |       |       |     1 ||     1
Evoke: Wand              |       |       |    10 |       ||    10
  Use: Scroll            |       |     5 |     7 |     1 ||    13
       Potion            |       |     1 |       |       ||     1
Armor: Scale mail        |    47 |    54 |    64 |       ||   165
       Chain mail        |       |       |    25 |    41 ||    66
Dodge: Dodged            |    42 |    35 |    82 |    22 ||   181
Block: Buckler           |    15 |    13 |    35 |    31 ||    94

Table legend: (Time is in decaauts)
 A = Elapsed time spent in this place.
 B = Non-inter-level travel time spent in this place.
 C = Inter-level travel time spent in this place.
 D = Time resting spent in this place.
 E = Time spent auto-exploring this place.
 F = Levels seen in this place.
 G = Mean time per level.
                   A        B        C        D        E       F      G
               +--------+--------+--------+--------+--------+-----+--------+
         Total |   9699 |   8635 |   1064 |   1773 |   5076 |   8 | 1212.4 |
       Dungeon |   9699 |   8635 |   1064 |   1773 |   5076 |   8 | 1212.4 |
               +--------+--------+--------+--------+--------+-----+--------+

Top non-repeatable levels by time:
     D:6: 1964 daAuts
     D:5: 1773 daAuts
     D:2: 1365 daAuts
     D:4: 1215 daAuts
     D:1: 1155 daAuts
     D:7: 1046 daAuts
     D:3: 718 daAuts
     D:8: 460 daAuts
